[Event "ICCopen2016"]
[Site "Internet Chess Club"]
[Date "2016.06.03"]
[Round "7"]
[White "saya"]
[Black "chigamaster"]
[Result "0-1"]
[ICCResult "White forfeits on time"]
[WhiteElo "2854"]
[BlackElo "2975"]
[Opening "King's Indian: London system"]
[ECO "A48"]
[NIC "QP.03"]
[Time "20:06:30"]
[TimeControl "180+0"]

1. d4 Nf6 2. Nf3 g6 3. Bf4 Bg7 4. e3 O-O 5. h3 c5 6. c3 d6 7. Nbd2 Nc6 8.
Be2 cxd4 9. cxd4 e5 10. dxe5 dxe5 11. Nxe5 Nd5 12. Nxc6 bxc6 13. Bg3 Bxb2
14. Rb1 Nc3 15. Qc2 Nxb1 16. Nxb1 Bg7 17. O-O Qb6 18. Nd2 Bf5 19. e4 Be6 20.
Nc4 Qd4 21. Na5 Qb2 22. Qxb2 Bxb2 23. Nxc6 Bxa2 24. Ba6 Rae8 25. Re1 Re6 26.
Bb7 Bd5 27. Ne7+ Rxe7 28. Bxd5 a5 29. Bd6 Rfe8 30. Rb1 Rd7 31. Rxb2 Rxd6 32.
Rb7 Rf6 33. Ra7 Kg7 34. Rxa5 Re7 35. g3 Rb6 36. Kg2 Rb2 37. Kf3 Rc7 38. Ke3
Rc3+ 39. Kd4 Rf3 40. Ra7 Rd2+ 41. Ke5 Rfxf2 42. g4 g5 43. Kd6 Rf6+ 44. Ke7
Re2 45. Ke8 Rf3 46. Re7 Rf4 47. Bxf7 Rfxe4 48. Be6+ Kf6 {White forfeits on
time} 0-1

[Event "ICCopen2016"]
[Site "Internet Chess Club"]
[Date "2016.06.03"]
[Round "7"]
[White "cloak1"]
[Black "Sam08"]
[Result "0-1"]
[ICCResult "White forfeits on time"]
[WhiteElo "1785"]
[BlackElo "2457"]
[Opening "Ruy Lopez: closed defense"]
[ECO "C84"]
[NIC "RL.13"]
[Time "20:06:23"]
[TimeControl "180+0"]

1. e4 e5 2. Nf3 Nc6 3. Bb5 a6 4. Ba4 Nf6 5. O-O Be7 6. d3 b5 7. Bb3 d6 8. c3
O-O 9. h3 Nb8 10. Re1 Nbd7 11. Nbd2 Nc5 12. Bc2 Re8 13. Nf1 Bb7 14. Ng3 Bf8
15. Nf5 d5 16. exd5 Qxd5 17. d4 exd4 18. N5xd4 Rxe1+ 19. Qxe1 Re8 20. Qd1
Nce4 21. Be3 c5 22. Nb3 Qh5 23. Nh2 c4 24. Qxh5 Nxh5 25. Nd4 Nhf6 26. Nhf3
Nc5 27. a4 Be4 28. Bxe4 Nfxe4 29. axb5 axb5 30. Ra5 b4 31. cxb4 Nd3 32. Ra2
Bxb4 33. Nc6 Bf8 34. Na7 Rb8 35. Bd4 f6 36. Nc6 Rc8 37. Na5 Bb4 38. Nb7 Nc1
39. Ra4 Nd3 40. Na5 Ra8 41. Bb6 Nd6 42. Nd4 Nc8 43. Bc7 Ra7 44. Nb5 Ra6 45.
Bd8 Bxa5 46. Rxa5 Rxa5 47. Bxa5 Nxb2 48. Bc3 Na4 49. Bb4 Ncb6 50. Nc3 Nxc3
51. Bxc3 Na4 52. Bd4 Kf7 53. Bc3 Ke6 54. Kh2 Kd5 55. Kg3 Nxc3 56. Kf3 Ne4
57. Ke3 Nc5 58. Ke2 Kd4 59. Kf3 c3 60. Kg3 c2 61. Kh2 c1=Q
{White forfeits on time}
0-1

[Event "ICCopen2016"]
[Site "Internet Chess Club"]
[Date "2016.06.03"]
[Round "7"]
[White "Eraser007"]
[Black "MaestroASK"]
[Result "0-1"]
[ICCResult "White resigns"]
[WhiteElo "2214"]
[BlackElo "2572"]
[Opening "King's pawn opening"]
[ECO "B07"]
[NIC "VO.17"]
[Time "20:06:53"]
[TimeControl "180+0"]

1. e4 d6 2. d4 g6 3. Nc3 c6 4. h3 e5 5. Nge2 Bg7 6. Be3 Nd7 7. g4 Ngf6 8.
Bg2 h5 9. g5 Nh7 10. h4 O-O 11. Qd2 Nb6 12. b3 Qe7 13. f4 exf4 14. Bxf4 Bg4
15. O-O f6 16. Rae1 fxg5 17. hxg5 Rf7 18. Ng3 Raf8 19. e5 dxe5 20. dxe5 Rd8
21. Qe3 Nd5 22. Nxd5 cxd5 23. Qd4 Nxg5 24. Bxd5 Ne6 25. Qc4 Re8 26. Bd2
Rxf1+ 27. Nxf1 Kh7 28. Nh2 Bf5 29. Nf3 Bh6 30. Bxh6 Kxh6 31. Qc3 Qc5+ 32.
Qxc5 Nxc5 33. Nd4 Bc8 34. b4 Na6 35. a3 Nc7 36. Bc4 Ne6 37. Nb5 Ng5 38. Kf2
Bf5 39. Nd6 Rf8 40. Ke3 b6 41. Rf1 Kg7 42. Kd4 Bxc2 43. Rxf8 Kxf8 44. Nc8 h4
45. Nxa7 h3 46. Bd5 h2 47. Nc8 Be4 48. Bxe4 Nxe4 49. Nd6 Nxd6 50. exd6 h1=Q
51. Ke5 Qc6 52. Ke6 b5 {White resigns} 0-1

[Event "ICCopen2016"]
[Site "Internet Chess Club"]
[Date "2016.06.03"]
[Round "7"]
[White "Bubacik"]
[Black "AttackSparrow"]
[Result "0-1"]
[ICCResult "White checkmated"]
[WhiteElo "2630"]
[BlackElo "2311"]
[Opening "Old Benoni defense"]
[ECO "A46"]
[NIC "QP.06"]
[Time "20:06:20"]
[TimeControl "180+0"]

1. d4 Nf6 2. Nf3 c5 3. d5 g6 4. c4 b5 5. cxb5 a6 6. e3 d6 7. Nc3 Bg7 8. e4
O-O 9. Bd2 Nbd7 10. a4 axb5 11. Bxb5 Ba6 12. O-O Ne8 13. Qe2 Nc7 14. Bxa6
Rxa6 15. Ra2 Qa8 16. Nb5 Nxb5 17. Qxb5 Ne5 18. Nxe5 Bxe5 19. b3 Rb8 20. Qd3
Rab6 21. Rb1 Qa6 22. Qxa6 Rxa6 23. g3 Bd4 24. b4 cxb4 25. Rxb4 Rxb4 26. Bxb4
f5 27. exf5 gxf5 28. a5 Kf7 29. Rc2 Kf6 30. Rc6 Ra7 31. Rc8 Ke5 32. Rh8 Kxd5
33. Rxh7 Kc4 34. Bd2 Bc3 35. Bxc3 Kxc3 36. h4 d5 37. h5 d4 38. Rh6 d3 39.
Rc6+ Kd4 40. Rc8 Rd7 41. h6 d2 42. h7 d1=Q+ 43. Kg2 Ke4 44. h8=Q Qf3+ 45.
Kh2 Qxf2+ 46. Kh3 Qf1+ 47. Kh4 Qh1+ 48. Kg5 Qxh8 49. Rxh8 Ra7 50. Re8 Rxa5
51. Rxe7+ Re5 52. Kh4 Rxe7 53. g4 Rg7 54. g5 Kf4 55. Kh5 Rxg5+ 56. Kh4 Rg4+
57. Kh3 Rg7 58. Kh2 Kf3 59. Kh3 Rh7# {White checkmated} 0-1

[Event "ICCopen2016"]
[Site "Internet Chess Club"]
[Date "2016.06.03"]
[Round "7"]
[White "Rude-Dude"]
[Black "mrneale"]
[Result "0-1"]
[ICCResult "White forfeits on time"]
[WhiteElo "1289"]
[BlackElo "1272"]
[Opening "QGD Slav: Winawer counter-gambit"]
[ECO "D10"]
[NIC "SL.01"]
[Time "20:06:04"]
[TimeControl "180+0"]

1. c4 d5 2. d4 c6 3. Nc3 e5 4. dxe5 Be6 5. Nf3 Nd7 6. Bg5 f6 7. exf6 Ngxf6
8. cxd5 cxd5 9. Nxd5 Bxd5 10. Qa4 Bc6 11. Qc4 Qa5+ 12. Bd2 Qd5 13. Qxd5 Bxd5
14. Bc3 Be7 15. O-O-O Bc6 16. Nd4 O-O 17. Ne6 Rf7 18. f3 Nc5 19. Nxc5 Bxc5
20. e4 Be3+ 21. Kb1 Rd7 22. Bc4+ Kh8 23. Bxf6 Rxd1+ 24. Rxd1 gxf6 25. Be6
Re8 26. Bf5 Re7 27. Rd6 Kg7 28. g4 Bf4 29. h4 Bxd6 30. h5 Bd7 31. Bxd7 Rxd7
32. Kc2 Be5 33. b3 Rc7+ 34. Kd3 Rc6 35. a4 Kh6 36. b4 a6 37. Ke3 Kg5 38. f4+
Bxf4+ 39. Kd4 Rd6+ 40. Kc5 Re6 41. Kd5 Re5+ 42. Kd4 b6 43. a5 bxa5 44. bxa5
Kxg4 45. h6 Rxa5 46. Kd3 Re5 47. Kd4 Bxh6 48. Kd3 Bf4 49. Kd4 h6 50. Kd3 h5
51. Kd4 h4 52. Kd3 h3 53. Ke2 h2 54. Kf2 h1=Q 55. Ke2 Qf3+
{White forfeits on time}
0-1

[Event "ICCopen2016"]
[Site "Internet Chess Club"]
[Date "2016.06.03"]
[Round "7"]
[White "Harmonie"]
[Black "aplusk"]
[Result "1-0"]
[ICCResult "Black forfeits on time"]
[WhiteElo "3119"]
[BlackElo "2833"]
[Opening "Réti: King's Indian attack"]
[ECO "A05"]
[NIC "QP.11"]
[Time "20:06:09"]
[TimeControl "180+0"]

1. Nf3 Nf6 2. g3 g6 3. Bg2 Bg7 4. O-O O-O 5. d4 d5 6. b3 c6 7. Bb2 a5 8. a4
Bg4 9. Nbd2 Na6 10. h3 Bxf3 11. Bxf3 e6 12. e3 Nd7 13. Bg2 e5 14. c3 Nc7 15.
Qc2 h5 16. h4 e4 17. b4 g5 18. hxg5 Qxg5 19. Ba3 h4 20. gxh4 Qxh4 21. bxa5
Ne6 22. Bd6 Nf6 23. f3 Ng5 24. fxe4 Rfe8 25. Rxf6 Bxf6 26. e5 Qg3 27. Kf1
Be7 28. Bxe7 Rxe7 29. Re1 Kg7 30. Qf5 Nh7 31. Nf3 Rxa5 32. e4 Rxa4 33. exd5
cxd5 34. Qh3 Qxh3 35. Bxh3 Ra3 36. Nh4 Rxc3 37. Nf5+ Kf8 38. Nxe7 Kxe7 39.
Bg2 b5 40. Rb1 Rd3 41. Rxb5 Rxd4 42. Bxd5 Ng5 43. Ke2 Ne6 44. Ke3 Rh4 45.
Rb7+ Kf8 46. Bxe6 fxe6 47. Rc7 Rg4 48. Rd7 Ke8 49. Rd4 Rg1 50. Kf4 Rf1+ 51.
Kg5 Rf5+ 52. Kg6 Ke7 53. Re4 Kd7 54. Re3 Kc6 55. Re2 Kd5 56. Re1 Rxe5 57.
Rd1+ Ke4 58. Kf6 Ra5 59. Kxe6 Ra6+ 60. Kf7 Ke3 61. Re1+ Kf2 62. Re7 Ra3 63.
Rd7 Rf3+ 64. Kg7 Re3 65. Kf8 Ke2 66. Rc7 Rf3+ 67. Rf7 Re3 68. Rg7 Rf3+ 69.
Kg8 Rd3 70. Re7+ Kd2 71. Rc7 Re3 72. Rd7+ Rd3 73. Rf7 Re3 74. Kg7 Ke2 75.
Rd7 Rf3 76. Rf7 Kf2 77. Re7 Kg2 78. Kh8 Rg3 79. Rf7 Rh3+ 80. Kg8 Rg3+ 81.
Kf8 Kh2 82. Rg7 Rh3 83. Rf7 Rg3 84. Re7 Rg2 85. Ke8 Kg1 86. Kd7 Rf2 87. Re6
Kf1 88. Rd6 Re2 89. Kc6 Ke1 90. Rd5 Rd2 91. Rb5 {Black forfeits on time} 1-0

[Event "ICCopen2016"]
[Site "Internet Chess Club"]
[Date "2016.06.03"]
[Round "7"]
[White "ChessGeek"]
[Black "jps7"]
[Result "0-1"]
[ICCResult "White forfeits on time"]
[WhiteElo "1741"]
[BlackElo "1542"]
[Opening "French: King's Indian attack"]
[ECO "C00"]
[NIC "FR.02"]
[Time "20:05:57"]
[TimeControl "180+0"]

1. e4 e6 2. d3 d5 3. Qe2 dxe4 4. dxe4 Nc6 5. Nf3 Nf6 6. g3 Nd4 7. Nxd4 Qxd4
8. Bg2 e5 9. O-O Be6 10. Rd1 Qb6 11. c3 Bd6 12. Be3 Qc6 13. Nd2 b6 14. Bg5
Nd7 15. Be3 O-O 16. Nb3 Bxb3 17. axb3 Bc5 18. Rd3 Bxe3 19. Qxe3 Nc5 20. Rd5
Nxb3 21. Ra3 Nc5 22. Rxe5 a5 23. f4 Ne6 24. Rd5 Qe8 25. Ra1 Nc5 26. Rad1 Qa4
27. R5d4 Qc2 28. Qd2 Qxd2 29. R4xd2 Rae8 30. b4 Nxe4 31. Rd7 Nxc3 32. R1d2
Re1+ 33. Kf2 Rb1 34. bxa5 bxa5 35. Rxc7 Nb5 36. Rb7 Rb4 37. Bc6 Nc3 38. Rxb4
axb4 39. Rb2 Rb8 40. Bf3 g6 41. Be2 Nd5 42. Bc4 Nc3 43. Rb3 Kg7 44. Ke3 Nd1+
45. Kd2 Nf2 46. Ke3 Ng4+ 47. Kd4 Nxh2 48. Kc5 Nf3 49. Rxb4 Rxb4 50. Kxb4 Nd2
51. Be2 Ne4 52. g4 Ng3 53. Bf3 f5 54. Kc5 fxg4 55. Bxg4 Ne4+ 56. Kd5 Nf6+
57. Ke6 Nxg4 58. Kd5 h5 59. Ke4 h4 60. Kf3 Nf6 61. Kg2 Kh6 62. Kh3 Kh5
{White forfeits on time}
0-1

[Event "ICCopen2016"]
[Site "Internet Chess Club"]
[Date "2016.06.03"]
[Round "7"]
[White "waynehatcher"]
[Black "wjjones88"]
[Result "0-1"]
[ICCResult "White forfeits on time"]
[WhiteElo "1559"]
[BlackElo "1685"]
[Opening "English opening"]
[ECO "A05"]
[NIC "QP.11"]
[Time "20:06:25"]
[TimeControl "180+0"]

1. Nf3 Nf6 2. c4 g6 3. g3 Bg7 4. Bg2 d6 5. O-O O-O 6. Nc3 Nbd7 7. b3 e5 8.
d3 c6 9. Bb2 Qc7 10. Qc2 Nc5 11. Rad1 a5 12. e3 Bg4 13. h3 Be6 14. d4 Bf5
15. e4 Ncxe4 16. Nxe4 Bxe4 17. Qe2 exd4 18. Bxd4 Bf5 19. Qb2 Ne8 20. Nh4 Be6
21. f4 a4 22. Rfe1 axb3 23. axb3 Ra6 24. Ra1 Bxd4+ 25. Qxd4 Qb6 26. Qxb6
Rxb6 27. Re3 Ng7 28. g4 d5 29. cxd5 cxd5 30. Rd3 Rd8 31. Rad1 f5 32. g5 Nh5
33. Rf1 d4 34. Rff3 Rbd6 35. Kh1 Bd5 36. Rf1 Bxg2+ 37. Kxg2 Re6 38. Rf2 Rde8
39. Nf3 Re4 40. Rxd4 Nxf4+ 41. Kg3 Nh5+ 42. Kg2 Rxd4 43. Nxd4 Re3 44. Nf3
Rxb3 45. Kf1 Re3 46. h4 Re4 47. Kg2 Rf4 48. Kh3 Rg4 49. Nh2 Re4 50. Rf3 f4
51. Ng4 Re3 52. Nf6+ Kf7 53. Rxe3 Nxf6 54. Kg2 Kf8 55. Rf3 Nd5 56. Rxf4+
Nxf4+ 57. Kf3 Ne6 58. Kg3 Ng7 59. Kg4 Nh5 60. Kf3 b5 61. Ke4 Kf7
{White forfeits on time}
0-1

[Event "ICCopen2016"]
[Site "Internet Chess Club"]
[Date "2016.06.03"]
[Round "7"]
[White "Fioro"]
[Black "Hellzito"]
[Result "1-0"]
[ICCResult "Black resigns"]
[WhiteElo "2332"]
[BlackElo "1934"]
[Opening "Sicilian: Scheveningen, 6.f4"]
[ECO "B82"]
[NIC "SI.21"]
[Time "20:06:46"]
[TimeControl "180+0"]

1. e4 c5 2. Nf3 d6 3. d4 cxd4 4. Nxd4 Nf6 5. Nc3 e6 6. f4 Be7 7. Bd3 O-O 8.
Qf3 Nc6 9. Nb3 d5 10. e5 Nd7 11. O-O f5 12. exf6 Nxf6 13. Bd2 e5 14. fxe5
Nxe5 15. Qe2 Bd6 16. Bg5 Bg4 17. Qd2 d4 18. Ne4 Nxd3 19. Qxd3 Be5 20. Kh1
Rc8 21. Rae1 Qd5 22. Bxf6 Bxf6 23. Nxf6+ Rxf6 24. Rxf6 gxf6 25. Qxd4 Qxd4
26. Nxd4 Kf7 27. c3 a6 28. h3 Bd7 29. Kg1 b5 30. a3 a5 31. Kf2 b4 32. axb4
axb4 33. Re3 bxc3 34. bxc3 Rb8 35. g4 Rb2+ 36. Kg3 Rb1 37. Kf4 Rh1 38. Ke4
h5 39. Kf4 hxg4 40. hxg4 Rg1 41. Rg3 Rxg3 42. Kxg3 Kg6 43. Kf4 Bc8 44. c4
Bd7 45. c5 Kf7 46. c6 Bc8 47. Nf5 Ke8 48. Nd6+ Kd8 49. Nxc8 Kxc8 50. Kf5
{Black resigns}
1-0

[Event "ICCopen2016"]
[Site "Internet Chess Club"]
[Date "2016.06.03"]
[Round "7"]
[White "Danya"]
[Black "Darnoc"]
[Result "1-0"]
[ICCResult "Black forfeits on time"]
[WhiteElo "3055"]
[BlackElo "2867"]
[Opening "QGD Slav: Breyer variation"]
[ECO "D11"]
[NIC "SL.01"]
[Time "20:06:58"]
[TimeControl "180+0"]

1. d4 d5 2. c4 c6 3. Nf3 Nf6 4. Nbd2 Bf5 5. Nh4 Be6 6. e3 g6 7. Qc2 Bg7 8.
Bd3 O-O 9. O-O Na6 10. a3 c5 11. Nhf3 Rc8 12. b3 b5 13. cxb5 cxd4 14. Qb1
dxe3 15. bxa6 exd2 16. Bb2 Qb6 17. Bd4 Qb8 18. Qb2 Rc6 19. Nxd2 Ng4 20. Nf3
Bxd4 21. Qxd4 Qxb3 22. h3 Nf6 23. Rfb1 Qc3 24. Qe3 Bf5 25. Rc1 Qxc1+ 26.
Rxc1 Rxc1+ 27. Qxc1 Bxd3 28. Qc6 Rd8 29. Ne5 Be2 30. Qc7 Re8 31. Qxa7 d4 32.
f3 d3 33. Kf2 {Black forfeits on time} 1-0

[Event "ICCopen2016"]
[Site "Internet Chess Club"]
[Date "2016.06.03"]
[Round "7"]
[White "YKQ"]
[Black "SMACK"]
[Result "0-1"]
[ICCResult "White forfeits on time"]
[WhiteElo "2577"]
[BlackElo "2262"]
[Opening "English opening"]
[ECO "E62"]
[NIC "KI.72"]
[Time "20:06:36"]
[TimeControl "180+0"]

1. c4 Nf6 2. Nc3 g6 3. Nf3 Bg7 4. g3 O-O 5. Bg2 d6 6. O-O Nc6 7. d4 h6 8. h3
a6 9. b3 Rb8 10. Nd5 e6 11. Nxf6+ Qxf6 12. Bb2 Qe7 13. Rc1 e5 14. dxe5 dxe5
15. e3 Rd8 16. Qe2 Bf5 17. Rfd1 Be4 18. Ne1 Bxg2 19. Kxg2 a5 20. a3 e4 21.
Bxg7 Kxg7 22. Qb2+ Qe5 23. Qxe5+ Nxe5 24. g4 f5 25. gxf5 gxf5 26. f4 Nc6 27.
Nc2 Kf6 28. Kf2 h5 29. Ke2 Rg8 30. Rg1 h4 31. Kf2 Rbd8 32. Rxg8 Rxg8 33. b4
axb4 34. axb4 Rg3 35. Rh1 Rf3+ 36. Ke2 Rg3 37. Kf2 Rf3+ 38. Kg2 Rg3+ 39. Kf2
Rf3+ 40. Ke2 Rg3 41. b5 Rg2+ 42. Kd1 Na5 43. c5 Nb3 44. Nd4 Rd2+ 45. Ke1 Rb2
46. Rg1 Nxd4 47. exd4 Rxb5 48. Rg8 Rb2 49. Rh8 Ke6 50. Rd8 c6 51. Rd6+ Ke7
52. Kf1 Rh2 53. d5 cxd5 54. Rxd5 Ke6 55. Re5+ Kf6 56. Re8 Rxh3 57. Rb8 Ke6
58. Rxb7 Kd5 59. Rc7 Kd4 60. c6 Ke3 61. Kg2 Rg3+ 62. Kh2 Kf3 63. Ra7 e3 64.
c7 Rg2+ 65. Kh3 Rc2 66. Kxh4 Kxf4 67. Kh5 Kf3 68. Ra3 f4 69. Rd3 Kf2 70.
c8=Q f3 71. Qxc2+ e2 {White forfeits on time} 0-1

[Event "ICCopen2016"]
[Site "Internet Chess Club"]
[Date "2016.06.03"]
[Round "7"]
[White "Tal-Baron"]
[Black "Parsifal"]
[Result "1-0"]
[ICCResult "Black checkmated"]
[WhiteElo "2842"]
[BlackElo "2353"]
[Opening "Robatsch defense: Pseudo-Austrian attack"]
[ECO "B07"]
[NIC "VO.17"]
[Time "20:06:30"]
[TimeControl "180+0"]

1. e4 d6 2. d4 g6 3. Nc3 Bg7 4. f4 c6 5. Nf3 Bg4 6. Be3 Qb6 7. Qd2 Bxf3 8.
gxf3 Nd7 9. O-O-O Qa5 10. Kb1 b5 11. h4 Ngf6 12. f5 Rb8 13. Bh3 Nb6 14. b3
O-O 15. Nd5 Qa3 16. Nxe7+ Kh8 17. Nxc6 Nc4 18. Qc1 Qa6 19. Nxb8 Rxb8 20.
fxg6 fxg6 21. Be6 d5 22. exd5 Bf8 23. Bg5 Nh5 24. Bf4 Ba3 25. bxc4 bxc4+ 26.
Bxb8 Qb6+ 27. Ka1 Bxc1 28. Be5+ Ng7 29. Rxc1 h5 30. Rb1 Qa5 31. Rb8+ Kh7 32.
Bg8+ Kh6 33. Bf4+ g5 34. hxg5+ Kg6 35. Kb2 c3+ 36. Kb1 Qa3 37. Be5 Kf5 38.
Re1 Kxg5 39. Bh7 Kh4 40. Bd3 Nf5 41. Rh1+ Kg5 42. Rg1+ Kh4 43. Bxf5 Qf8 44.
Rh1+ Kg5 45. Rxf8 h4 46. Rg1+ Kh6 47. Rh8# {Black checkmated} 1-0

[Event "ICCopen2016"]
[Site "Internet Chess Club"]
[Date "2016.06.03"]
[Round "7"]
[White "Kannayya"]
[Black "fledermaus"]
[Result "0-1"]
[ICCResult "White checkmated"]
[WhiteElo "1113"]
[BlackElo "1637"]
[Opening "QGD: 4.Bg5 Be7"]
[ECO "D53"]
[NIC "QO.13"]
[Time "20:06:17"]
[TimeControl "180+0"]

1. d4 d5 2. c4 e6 3. Nc3 Nf6 4. Bg5 Be7 5. Nf3 Nbd7 6. h3 O-O 7. e3 c6 8.
Bd3 dxc4 9. Bxc4 Nd5 10. Nxd5 exd5 11. Bxe7 Qxe7 12. Bd3 Nf6 13. O-O Ne4 14.
Bxe4 dxe4 15. Nd2 f5 16. f3 exf3 17. Nxf3 Qxe3+ 18. Kh1 Be6 19. Re1 Qh6 20.
Qe2 Rfe8 21. Qc2 f4 22. Qc3 Bd5 23. Rxe8+ Rxe8 24. Re1 Rxe1+ 25. Qxe1 Qe6
26. Qc3 Bxa2 27. Ne5 Bd5 28. Kh2 h6 29. Qc5 b6 30. Qc3 Qf5 31. Nf3 Bxf3 32.
Qxf3 Qf6 33. Kg1 Qxd4+ 34. Kh2 c5 35. Qe2 c4 36. Qe8+ Kh7 37. Qe2 b5 38.
Qc2+ Qd3 39. Qf2 Qd6 40. Qxa7 f3+ 41. Kg1 Qg3 42. Qf2 Qxf2+ 43. Kxf2 fxg2
44. Kxg2 Kg6 45. Kf2 Kf5 46. Ke3 Ke5 47. Kd2 b4 48. Kc2 Kd4 49. Kd2 g5 50.
Kc2 c3 51. bxc3+ bxc3 52. Kc1 h5 53. Kc2 g4 54. hxg4 hxg4 55. Kd1 g3 56. Ke1
g2 57. Kf2 c2 58. Kxg2 c1=Q 59. Kg3 Qe3+ 60. Kg4 Qf2 61. Kg5 Ke5 62. Kg6 Qf4
63. Kg7 Ke6 64. Kg6 Ke7 65. Kg7 Qg5+ 66. Kh7 Kf7 67. Kh8 Qh5# {White
checkmated} 0-1

[Event "ICCopen2016"]
[Site "Internet Chess Club"]
[Date "2016.06.03"]
[Round "7"]
[White "Chaos23"]
[Black "DrOussedik"]
[Result "0-1"]
[ICCResult "White forfeits on time"]
[WhiteElo "1984"]
[BlackElo "1969"]
[Opening "Benko's opening"]
[ECO "A00"]
[NIC "VO.09"]
[Time "20:06:40"]
[TimeControl "180+0"]

1. g3 Nf6 2. Bg2 c5 3. e4 d6 4. Ne2 Qc7 5. O-O a6 6. c3 g6 7. d4 Bg7 8. f4
O-O 9. e5 Nfd7 10. b4 cxd4 11. cxd4 Nc6 12. a3 dxe5 13. dxe5 Nb6 14. Qb3 Be6
15. Qc2 Rac8 16. Be3 Nc4 17. Bf2 b5 18. Nbc3 Rfd8 19. Rfd1 Rxd1+ 20. Qxd1
Qb8 21. Ne4 Bf5 22. Nc5 Rd8 23. Qb3 Qc8 24. a4 Nd2 25. Qb2 Nc4 26. Qb3 Bg4
27. Re1 Nd2 28. Qb2 bxa4 29. Nxa4 Nc4 30. Qb3 Be6 31. Nc5 Nd2 32. Qa4 Bd5
33. Bxd5 Rxd5 34. Qxa6 Qxa6 35. Nxa6 Nf3+ 36. Kf1 Nxe1 37. Bxe1 e6 38. Nc3
Rd8 39. b5 Nd4 40. b6 Nc6 41. Bf2 Nb8 42. Nxb8 Rxb8 43. Nb5 Bf8 44. Nd6 Bxd6
45. exd6 Kf8 46. Bc5 Ke8 47. Ke2 Rb7 48. Kd3 Kd7 49. Kc4 Kc6 50. g4 Rd7 51.
Kd4 f6 52. Kc4 Rb7 53. Kb4 Rb8 54. Kc4 Rd8 55. Kb4 Rd7 56. Kc4 Rb7 57. Kb4
Rb8 58. Kc4 Ra8 59. Kb4 Ra6 60. Kc4 Ra4+ 61. Kb3 Ra1 62. Kb2 Rh1 63. b7
Rxh2+ {White forfeits on time} 0-1

[Event "ICCopen2016"]
[Site "Internet Chess Club"]
[Date "2016.06.03"]
[Round "7"]
[White "afgano45"]
[Black "DoctorWho"]
[Result "1-0"]
[ICCResult "Black forfeits on time"]
[WhiteElo "1905"]
[BlackElo "2029"]
[Opening "French: Tarrasch, Guimard main line"]
[ECO "C04"]
[NIC "FR.15"]
[Time "20:06:25"]
[TimeControl "180+0"]

1. e4 e6 2. d4 d5 3. Nd2 Nc6 4. Ngf3 Nf6 5. e5 Nd7 6. Bb5 a5 7. O-O Na7 8.
Be2 b6 9. Ne1 c5 10. c3 Nc6 11. Nc2 Ba6 12. f4 Bxe2 13. Qxe2 g6 14. Nf3 Be7
15. Be3 Qc7 16. a4 cxd4 17. Ncxd4 Nc5 18. Nb5 Qd7 19. Nfd4 Rb8 20. Nxc6 Qxc6
21. Bd4 Ne4 22. Rfb1 O-O 23. b4 axb4 24. cxb4 Rfc8 25. Qf1 Qc4 26. Qxc4 Rxc4
27. a5 bxa5 28. bxa5 Nd2 29. a6 Nxb1 30. a7 Ra8 31. Rxb1 Bc5 32. Bxc5 Rxc5
33. Kf2 Rxb5 34. Rxb5 Rxa7 35. g4 Kg7 36. h4 f6 37. Rb6 fxe5 38. Rxe6 e4 39.
Rd6 Ra2+ 40. Ke3 Ra3+ 41. Kd4 Rd3+ 42. Ke5 e3 43. Rd7+ Kf8 44. Kf6 Ke8 45.
Rxh7 Kd8 46. Re7 d4 47. h5 gxh5 48. gxh5 Ra3 49. Re4 Ra6+ 50. Kg7 Rd6 51. h6
d3 52. h7 Rd7+ 53. Kg6 Rxh7 54. Rxe3 Rd7 55. Re1 d2 56. Rd1 Ke7 57. f5 Kf8
58. f6 Rd6 59. Ra1 Rd3 60. Ra8+ {Black forfeits on time} 1-0

[Event "ICCopen2016"]
[Site "Internet Chess Club"]
[Date "2016.06.03"]
[Round "7"]
[White "capablance2"]
[Black "wmanthony"]
[Result "0-1"]
[ICCResult "White checkmated"]
[WhiteElo "1246"]
[BlackElo "1381"]
[Opening "Philidor's defense"]
[ECO "C41"]
[NIC "KP.10"]
[Time "20:06:50"]
[TimeControl "180+0"]

1. e4 e5 2. Nf3 d6 3. h3 Nf6 4. Nc3 Be7 5. Bb5+ c6 6. Ba4 O-O 7. d3 Qa5 8.
Bb3 Be6 9. Bd2 Qb6 10. Be3 Qc7 11. Bxe6 fxe6 12. O-O d5 13. exd5 exd5 14.
Bg5 e4 15. dxe4 Nxe4 16. Bxe7 Qxe7 17. Nxe4 dxe4 18. Re1 Rxf3 19. gxf3 Qg5+
20. Kh2 Na6 21. Rxe4 Rf8 22. Rg4 Qf5 23. Rg3 Nb4 24. c3 Nd3 25. Qb3+ Kh8 26.
Qxb7 g6 27. Qxa7 Ne5 28. Qd4 c5 29. Qd5 Nxf3+ 30. Kg2 Nh4+ 31. Kh1 Qxf2 32.
Qe5+ Rf6 33. Rag1 Kg7 34. Qg5 Nf3 35. Qc1 Qh2# {White checkmated} 0-1

[Event "ICCopen2016"]
[Site "Internet Chess Club"]
[Date "2016.06.03"]
[Round "7"]
[White "Sebs"]
[Black "Creedence"]
[Result "1-0"]
[ICCResult "Black resigns"]
[WhiteElo "3038"]
[BlackElo "3097"]
[Opening "QGD: 4.Nf3"]
[ECO "D37"]
[NIC "QI.01"]
[Time "20:06:53"]
[TimeControl "180+0"]

1. d4 Nf6 2. c4 e6 3. Nf3 d5 4. Nc3 Nbd7 5. Bf4 dxc4 6. e3 b5 7. Nxb5 Bb4+
8. Nc3 Nd5 9. Rc1 Nxf4 10. exf4 Nb6 11. Bxc4 O-O 12. Be2 Bb7 13. O-O Bd6 14.
g3 Nd5 15. Ne5 a5 16. Bf3 Nxc3 17. bxc3 Bd5 18. Bxd5 exd5 19. Re1 Qc8 20.
Qb3 c6 21. Qb6 Ra6 22. Qb2 f6 23. Nd3 Qd7 24. Rb1 Ra7 25. Qe2 Qf5 26. Qe6+
Qxe6 27. Rxe6 Rd8 28. Rb6 Kf7 29. f5 Rc7 30. Ra6 g6 31. Rxa5 gxf5 32. Re2
Rb8 33. Ra6 Rb1+ 34. Kg2 Rd1 35. Re3 Rd2 36. a4 Rc2 37. a5 Rxc3 38. Ne5+
fxe5 39. Rxc3 Bb4 40. Rcxc6 Re7 41. Rf6+ Kg7 42. dxe5 d4 43. Rfb6 Bc3 44.
Rc6 Kf7 45. f4 Bb4 46. Rc4 Bc3 47. Ra8 Rb7 48. a6 Rb2+ 49. Kh3 Ke6 50. a7
Ra2 51. Re8+ Kd5 52. Rc7 d3 53. a8=Q+ Rxa8 54. Rxa8 Bd4 55. Rd8+ Ke4 56.
Rxd4+ {Black resigns} 1-0

[Event "ICCopen2016"]
[Site "Internet Chess Club"]
[Date "2016.06.03"]
[Round "7"]
[White "uncleBob"]
[Black "Bessel"]
[Result "0-1"]
[ICCResult "White checkmated"]
[WhiteElo "1580"]
[BlackElo "2048"]
[Opening "Queen's pawn game"]
[ECO "A46"]
[NIC "QP.06"]
[Time "20:07:00"]
[TimeControl "180+0"]

1. d4 Nf6 2. Nf3 c5 3. e3 e6 4. c3 b6 5. Bd3 Bb7 6. O-O Be7 7. Qe2 O-O 8.
Nbd2 d5 9. Ne5 Nbd7 10. f4 Ne4 11. Bxe4 dxe4 12. a4 f6 13. Nxd7 Qxd7 14. g4
e5 15. fxe5 fxe5 16. Rxf8+ Rxf8 17. dxe5 Bh4 18. Nc4 Rf2 19. e6 Qxe6 20. Qd1
Qxc4 21. b3 Qe2 22. Qxe2 Rxe2 23. Kf1 Re1+ 24. Kg2 Rd1 25. Bb2 Rxa1 26. Bxa1
Bd5 27. c4 Be6 28. Be5 Bf6 29. Bxf6 gxf6 30. Kg3 f5 31. g5 Kf7 32. h4 Ke7
33. Kf4 Kd6 34. h5 Ke7 35. Ke5 Bf7 36. g6 hxg6 37. h6 Bg8 38. Kf4 Kf6 39. a5
g5+ 40. Kg3 Ke5 41. axb6 axb6 42. Kh3 Bh7 43. Kg3 f4+ 44. Kf2 g4 45. exf4+
Kxf4 46. Kg2 e3 47. Kf1 Kf3 48. Ke1 g3 49. Kf1 g2+ 50. Kg1 e2 51. Kh2 e1=Q
52. Kh3 Qh1# {White checkmated} 0-1

[Event "ICCopen2016"]
[Site "Internet Chess Club"]
[Date "2016.06.03"]
[Round "7"]
[White "playbr"]
[Black "hedgie"]
[Result "0-1"]
[ICCResult "White checkmated"]
[WhiteElo "1700"]
[BlackElo "2114"]
[Opening "Sicilian defense"]
[ECO "B44"]
[NIC "SI.39"]
[Time "20:06:39"]
[TimeControl "180+0"]

1. e4 c5 2. Nf3 Nc6 3. d4 cxd4 4. Nxd4 e6 5. c4 Nf6 6. Nc3 Bb4 7. Nxc6 bxc6
8. Qc2 O-O 9. Bd3 d5 10. e5 Ng4 11. O-O Nxe5 12. Bxh7+ Kh8 13. cxd5 Qh4 14.
Bd3 exd5 15. a3 Bd6 16. g3 Qh3 17. Be2 Bg4 18. Qd1 f5 19. Bf4 Rae8 20. f3
Bc5+ 21. Kh1 Bh5 22. Rc1 Ng6 23. Bg5 Bd6 24. f4 Bxe2 25. Nxe2 Re4 26. Ng1
Qh7 27. Rxc6 Rd8 28. Bxd8 Bxf4 29. gxf4 Nxf4 30. Bg5 Qh5 31. Rc8+ Kh7 32.
Qxh5+ Nxh5 33. Bd2 Kg6 34. Rf2 f4 35. Rc6+ Kf5 36. Bxf4 Nxf4 37. Nf3 g5 38.
Nxg5 Re1+ 39. Rf1 Rxf1# {White checkmated} 0-1